Map: Rhoskallian LE

Players

Massa

  • Race: Terran Terran
  • League: Platinum
  • Spawn Location: 12:00

qqq

  • Race: Zerg Zerg
  • Spawn Location: 11:00

Bab

  • Race: Zerg Zerg
  • League: Diamond
  • Spawn Location: 5:00

Bestasttung

  • Race: Terran Terran
  • League: Diamond
  • Spawn Location: 6:00

VOD

Have the link to the VOD?

Description

Time

  • Played on: Nov. 3, 2020, 2:50 p.m.
  • Length: 11:17
Show
View Real Time Build Order
Export as new Build Order

Massa Terran 

Build Orders:  

Get SALT Encoding   

  12  0:01  SCV  
  13  0:13  SCV  
  14  0:24  Supply Depot  
  14  0:25  SCV  
  15  0:31  Refinery  
  15  0:45  SCV  
  15  0:46  Barracks  
  16  0:57  SCV  
  17  1:09  SCV  
  18  1:21  SCV  
  19  1:34  SCV  
  19  1:37  Reaper, Supply Depot  
  21  1:46  SCV  
  22  1:47  Supply Depot  
  22  1:51  Supply Depot  
  22  1:58  SCV  
  23  2:09  Factory, Marine  
  23  2:10  Orbital Command  
  24  2:38  Barracks Reactor  
  23  3:03  SCV  
  24  3:12  Refinery  
  24  3:14  Marine, Factory Reactor  
  24  3:15  SCV, Marine, Command Center  
  27  3:30  Engineering Bay  
  27  3:32  Marine x2  
  27  3:33  Barracks  
  28  3:57  Marine x2  
  28  3:59  Hellion x2  
  34  4:07  Missile Turret  
  34  4:08  Missile Turret  
  34  4:20  Hellion x2  
  34  4:23  Missile Turret  
  38  4:26  SCV  
  39  4:32  Orbital Command  
  39  4:37  Marine  
  40  4:38  SCV, Marine  
  40  4:51  Barracks Tech Lab  
  40  4:55  Marine  
  40  4:56  Widow Mine x2, Marine  
  46  5:28  SCV x2  
  48  5:32  Missile Turret  
  48  5:37  Starport  
  48  5:39  Command Center  
  48  5:40  SCV x2  
  44  5:52  SCV x2  
  44  5:53  Widow Mine x2  
  50  6:00  Marine x2  
  50  6:03  Stimpack  
  52  6:04  SCV  
  52  6:06  SCV  
  54  6:12  Medivac  
  54  6:14  Widow Mine  
  54  6:16  SCV  
  54  6:18  Marine x2  
  61  6:35  Marine  
  62  6:42  Marine  
  62  6:45  Supply Depot x3  
  61  6:49  Supply Depot  
  61  6:51  Marauder  
  58  7:07  SCV x2  
  61  7:09  Orbital Command  
  61  7:10  Supply Depot x2  
  61  7:12  Marauder  
  62  7:19  SCV x2  
  64  7:27  Widow Mine x2  
  64  7:28  Marine x2  
  68  7:31  SCV  
  68  7:34  Barracks, Marauder  
  68  7:36  Refinery  
  71  7:43  SCV x2  
  73  7:45  Marine  
  73  7:46  Marine  
  73  7:48  Widow Mine x2  
  73  7:49  Armory  
  73  7:50  Medivac  
  81  7:52  Terran Infantry Weapons Level 1  
  81  7:54  Combat Shield  
  81  7:55  SCV x2, Marauder  
  89  8:19  Orbital Command, Barracks  
  85  8:23  Factory Tech Lab  
  85  8:24  Missile Turret  
  85  8:28  Barracks Tech Lab  
  85  8:30  Marauder  
  85  8:31  Marine x2  
  89  8:38  Engineering Bay  
  89  8:48  Marine  
  89  8:49  Marine  
  89  8:51  Marauder  
  93  9:01  Marauder  
  95  9:06  Marine  
  95  9:07  Siege Tank  
  99  9:11  Marine  
  99  9:13  SCV, Marauder  
  101  9:22  Marauder  
  86  9:34  Marauder  
  85  9:39  Siege Tank  
  85  9:44  Marauder  
  77  9:55  Marauder  
  62  10:04  Marine x2  
  62  10:05  Marauder, Marine x2  
  57  10:17  Marauder  
  56  10:27  Marauder  
  54  10:42  Refinery, Barracks  
  53  10:45  Barracks  
  38  11:04  Barracks  
Show
View Real Time Build Order
Export as new Build Order

qqq Zerg 

Build Orders: Hatch First 

Get SALT Encoding   

  12  0:00  Drone  
  13  0:08  Drone  
  14  0:40  Hatchery  
  13  0:49  Overlord  
  13  0:50  Drone  
  14  1:07  Spawning Pool  
  13  1:18  Overlord  
  13  1:19  Extractor  
  13  1:20  Drone  
  13  1:24  Drone  
  14  1:30  Drone  
  15  1:45  Drone  
  16  1:53  Drone  
  17  1:55  Queen  
  17  1:58  Drone  
  20  2:04  Drone  
  20  2:07  Drone  
  22  2:23  Queen  
  24  2:33  Drone x2  
  24  2:35  Drone x2  
  27  2:41  Drone  
  28  2:47  Drone  
  28  2:48  Metabolic Boost  
  29  2:58  Drone  
  30  3:01  Drone  
  30  3:02  Drone  
  32  3:05  Lair  
  32  3:11  Drone  
  33  3:13  Extractor, Drone  
  33  3:16  Drone  
  33  3:19  Overlord  
  34  3:20  Drone  
  35  3:29  Drone  
  35  3:32  Overlord  
  36  3:44  Drone  
  37  3:51  Drone x2  
  39  3:56  Drone, Overlord  
  39  4:01  Hatchery  
  39  4:07  Spire  
  38  4:10  Drone  
  38  4:11  Drone x2  
  41  4:18  Drone x2  
  41  4:19  Drone  
  44  4:26  Drone  
  44  4:27  Extractor  
  44  4:29  Overlord  
  44  4:30  Extractor  
  43  4:31  Drone  
  43  4:32  Drone x2  
  43  4:38  Drone x2  
  48  5:17  Drone, Queen  
  48  5:19  Drone  
  48  5:20  Drone x3  
  56  5:28  Drone  
  56  5:30  Mutalisk x3  
  56  5:33  Mutalisk  
  64  5:38  Zerg Flyer Weapons Level 1  
  64  5:43  Hatchery  
  64  5:44  Drone x2  
  64  5:49  Overlord  
  65  5:50  Overlord x2  
  65  5:54  Hatchery  
  64  6:01  Drone  
  64  6:02  Drone  
  66  6:06  Overlord  
  66  6:10  Mutalisk  
  66  6:11  Mutalisk x3  
  68  6:12  Mutalisk  
  76  6:18  Hatchery  
  69  6:28  Mutalisk x2  
  69  6:29  Mutalisk  
  69  6:30  Drone x3  
  75  7:00  Overseer  
  74  7:01  Drone x4  
  77  7:10  Drone x3  
  77  7:12  Extractor  
  77  7:13  Extractor  
  78  7:22  Drone x3  
  81  7:25  Drone x3  
  84  7:32  Mutalisk x2  
  84  7:33  Mutalisk x4  
  84  7:36  Overlord  
  94  7:52  Zerg Flyer Armor Level 1, Infestation Pit  
  94  7:56  Drone x2  
  94  7:57  Drone x7  
  102  8:01  Mutalisk  
  104  8:08  Drone x3  
  107  8:33  Drone x6  
  113  8:37  Mutalisk x2  
  113  9:02  Drone x6  
  109  9:03  Drone x3  
  105  9:31  Drone x4  
  102  9:35  Mutalisk x4  
  108  9:54  Overlord x6  
  108  9:55  Overlord x3  
  74  10:37  Mutalisk x5  
  74  10:38  Mutalisk  
  74  10:39  Drone x2  
  74  10:40  Drone  
  89  11:11  Extractor x2  
Show
View Real Time Build Order
Export as new Build Order

Bab Zerg 

Build Orders: Hatch First, Roach Hydra 

Get SALT Encoding   

  12  0:00  Drone  
  13  0:13  Overlord  
  13  0:18  Drone  
  14  0:31  Drone x2  
  14  0:35  Drone  
  17  0:56  Drone  
  18  0:57  Hatchery  
  18  1:00  Drone  
  18  1:10  Extractor  
  17  1:17  Spawning Pool  
  16  1:20  Drone  
  16  1:23  Drone  
  18  1:29  Drone  
  19  1:43  Drone  
  20  1:51  Drone  
  21  2:00  Overlord  
  21  2:08  Queen x2  
  21  2:10  Drone  
  26  2:18  Drone  
  26  2:19  Drone  
  26  2:21  Metabolic Boost  
  28  2:24  Drone  
  29  2:30  Drone  
  29  2:34  Drone  
  31  2:41  Drone  
  31  2:43  Overlord  
  32  2:46  Queen  
  34  2:53  Queen  
  36  3:01  Drone  
  36  3:02  Drone x2  
  39  3:07  Drone  
  39  3:13  Overlord  
  39  3:23  Drone  
  39  3:26  Hatchery  
  39  3:38  Extractor  
  38  3:43  Lair  
  38  3:57  Drone, Overlord  
  38  3:58  Drone x10  
  49  4:04  Drone  
  49  4:08  Roach Warren  
  49  4:09  Drone  
  50  4:16  Drone  
  51  4:17  Extractor  
  51  4:22  Extractor  
  49  4:25  Drone x7  
  56  4:42  Hydralisk Den  
  55  4:47  Overlord  
  55  4:48  Pneumatized Carapace, Overlord  
  55  4:59  Glial Reconstitution  
  55  5:04  Drone, Evolution Chamber  
  55  5:05  Drone, Evolution Chamber  
  55  5:21  Roach x2  
  55  5:22  Roach x3  
  55  5:25  Overlord x4  
  55  5:26  Overlord  
  66  5:50  Drone x10  
  66  5:53  Extractor  
  66  5:54  Extractor, Overseer x2  
  73  6:00  Lurker Den  
  73  6:01  Zerg Missile Weapons Level 1, Zerg Ground Armor Level 1  
  72  6:06  Zergling x2  
  72  6:07  Zergling x20  
  83  6:20  Muscular Augments  
  83  6:22  Hatchery  
  82  6:29  Hydralisk  
  82  6:30  Hydralisk x3  
  82  6:32  Hydralisk  
  90  6:52  Hydralisk  
  90  6:53  Hydralisk x6  
  85  7:10  Infestation Pit  
  85  7:14  Overseer x2  
  84  7:16  Roach x2  
  84  7:21  Drone  
  84  7:22  Drone  
  90  7:24  Overlord x6  
  90  7:31  Grooved Spines  
  90  7:49  Hydralisk x6, Roach  
  90  7:50  Roach x5  
  114  7:52  Drone  
  115  8:00  Hive  
  115  8:02  Hydralisk  
  115  8:03  Roach  
  119  8:11  Drone  
  119  8:12  Drone x5  
  125  8:25  Queen  
  123  8:28  Hydralisk  
  123  8:29  Hydralisk x3  
  131  8:35  Ravager  
  131  8:36  Ravager x4  
  131  8:39  Drone x3  
  131  8:40  Drone x3  
  142  9:01  Zergling x2  
  142  9:02  Zergling x2  
  144  9:03  Overlord x2  
  144  9:04  Overlord x2  
  135  9:38  Hydralisk x4  
  123  9:39  Hydralisk x3, Zergling x4, Roach x6  
  123  9:40  Zergling x2, Roach  
  117  9:57  Hydralisk  
  117  9:58  Hydralisk x4, Zergling x4, Roach x4  
  94  10:32  Hydralisk x4, Roach  
  94  10:33  Zergling x6, Roach x3  
Show
View Real Time Build Order
Export as new Build Order

Bestasttung Terran 

Build Orders: Reaper Expand 

Get SALT Encoding   

  12  0:00  SCV  
  13  0:12  SCV  
  14  0:18  Supply Depot  
  14  0:24  SCV  
  15  0:39  SCV  
  15  0:41  Barracks  
  16  0:45  Refinery  
  16  0:51  SCV  
  17  1:03  SCV  
  18  1:15  SCV  
  19  1:28  Reaper  
  19  1:29  Orbital Command  
  20  1:43  Command Center  
  20  1:54  SCV, Supply Depot  
  20  2:00  Marine  
  22  2:06  SCV  
  23  2:10  Factory  
  23  2:16  Refinery  
  23  2:18  SCV  
  24  2:25  Barracks Reactor  
  24  2:33  SCV  
  25  2:49  SCV  
  26  2:58  Orbital Command  
  26  3:04  Starport  
  25  3:08  Hellion x2  
  25  3:09  SCV  
  30  3:14  Barracks Tech Lab  
  30  3:23  SCV  
  30  3:24  SCV  
  32  3:36  Hellion  
  32  3:37  Hellion, Marine  
  32  3:38  Stimpack  
  32  3:40  Starport Reactor  
  37  3:42  SCV  
  37  3:43  SCV  
  39  3:51  Barracks  
  39  3:52  Barracks  
  39  4:04  SCV x2  
  41  4:13  Factory  
  41  4:15  Factory Tech Lab  
  41  4:16  SCV x2  
  43  4:19  Supply Depot  
  43  4:22  Marine, Supply Depot  
  43  4:24  Medivac  
  46  4:34  Medivac  
  46  4:35  SCV x2  
  46  4:38  Widow Mine  
  52  4:40  Marine  
  53  4:46  Barracks Reactor  
  53  4:47  SCV x2  
  53  4:48  Barracks Tech Lab  
  55  4:54  Engineering Bay  
  55  4:56  Engineering Bay  
  55  4:59  SCV x2, Marine  
  58  5:00  Widow Mine  
  58  5:01  Widow Mine  
  62  5:07  Refinery  
  62  5:11  SCV x2, Supply Depot  
  62  5:13  Supply Depot  
  62  5:27  Marine x2  
  62  5:28  Marauder x2  
  64  5:35  SCV  
  65  5:42  Armory  
  65  5:44  Marine, Terran Infantry Weapons Level 1  
  65  5:45  Marine  
  65  5:49  Marauder  
  69  5:50  Marauder  
  69  5:52  SCV x2  
  69  5:56  Widow Mine x2  
  79  5:57  Widow Mine  
  79  6:07  Marine x2  
  83  6:14  Terran Infantry Armor Level 1  
  79  6:31  Missile Turret  
  79  6:32  Terran Vehicle And Ship Armor Level 1  
  77  6:33  SCV x2, Missile Turret  
  77  6:37  Refinery  
  79  6:45  SCV  
  80  6:48  Widow Mine  
  80  6:49  Widow Mine, Marine x2  
  80  6:51  Drilling Claws  
  86  6:57  Marine  
  86  6:58  Marauder, Command Center  
  86  7:00  Missile Turret  
  88  7:03  Missile Turret  
  84  7:15  Marine x2  
  84  7:17  Marauder  
  84  7:18  Widow Mine  
  84  7:19  Widow Mine x2  
  84  7:22  SCV x2  
  86  7:31  Medivac x2  
  86  7:35  Marine  
  86  7:36  Marauder, Marine  
  94  7:37  SCV  
  94  7:39  SCV  
  91  7:55  Marine x2  
  93  8:01  Supply Depot  
  93  8:02  Supply Depot  
  93  8:03  Supply Depot  
  93  8:05  Barracks  
  93  8:06  SCV, Barracks  
  93  8:07  Barracks  
  93  8:11  Terran Infantry Weapons Level 2, Command Center  
  94  8:13  Terran Infantry Armor Level 2  
  94  8:16  Marine  
  94  8:23  SCV, Marauder, Marine, Medivac x2  
  94  8:24  Marauder  
  104  8:35  Marine  
  104  8:37  Widow Mine x3  
  104  8:38  SCV x2  
  104  8:40  Marine  
  107  9:02  Marine  
  107  9:03  Barracks Tech Lab, Marine  
  107  9:04  Barracks Reactor  
  107  9:05  Barracks Tech Lab  
  107  9:06  Marauder x2  
  107  9:07  Medivac x2  
  117  9:10  Command Center  
  112  9:28  Marine x2  
  112  9:29  Marauder x3  
  118  9:37  Missile Turret  
  118  9:39  Missile Turret  
  118  9:40  Missile Turret  
  118  9:43  Supply Depot  
  118  9:58  Marine  
  118  10:05  Widow Mine, Marauder x2, Marine x2  
  126  10:22  Widow Mine x2, Marauder, Marine x2  
  126  10:26  Marine x3  
  126  10:27  Marauder x2  
  139  10:33  Supply Depot  
  139  10:34  Thor, Supply Depot  
  138  10:39  Orbital Command  
  137  10:42  SCV  
  137  10:43  SCV  
  133  11:09  Missile Turret  
Tags
 
Add a new tag
Caveats
  • Supply blocks, unpowered buildings, or Contaminate may cause inaccurate times.
  • Supply counts are checked every 10 seconds.